 Dungeon Crawl Stone Soup version 0.28.0 (webtiles) character file.

Game seed: 7780510346799237243

21861 pkoi the Stormcaller (level 12, 0/92 HPs)
             Began as a Black Draconian Air Elementalist on Feb 10, 2022.
             Was an Elder of Sif Muna.
             Slain by a blink frog (13 damage)
             ... on level 3 of the Lair of Beasts.
             The game lasted 00:38:53 (24240 turns).

pkoi the Stormcaller (DrAE)                        Turns: 24240, Time: 00:38:54

Health: 0/92       AC: 10    Str: 10    XL:     12   Next: 57%
Magic:  17/22      EV: 14    Int: 20    God:    Sif Muna [****..]
Gold:   717        SH:  0    Dex: 13    Spells: 7/25 levels left

rFire   + . .      SeeInvis .   c - +0 short sword (venom)
rCold   . . .      Faith    .   (no shield)
rNeg    . . .      Spirit   .   (armour unavailable)
rPois   .          Reflect  .   (helmet restricted)
rElec   +          Harm     .   G - +0 cloak {rF+}
rCorr   .          Rampage  .   (no gloves)
Will    +....                   r - +0 pair of boots
Stlth   ++........              z - amulet of the acrobat
HPRegen 0.25/turn               a - +4 ring of slaying
MPRegen 0.18/turn               s - ring of willpower

@: no status effects
A: breathe lightning, AC +8, unfitting armour, electricity resistance,
cold-blooded
a: Breathe Lightning, Renounce Religion, Channel Magic, Forget Spell, Divine
Exegesis


You were on level 3 of the Lair of Beasts.
You worshipped Sif Muna.
Sif Muna was greatly pleased with you.
You visited 3 branches of the dungeon, and saw 13 of its levels.
You also visited: Ossuary and Volcano.

You collected 745 gold pieces.
You spent 28 gold pieces at shops.

Inventory:

Hand Weapons
 c - a +0 short sword of venom (weapon)
 x - a +7 vorpal spear
 D - the +3 flail "Draconian's Doom" {pain, rPois rF+++ Int+3 Dex-2}
   (You found it on level 9 of the Dungeon)

   In the hands of one skilled in necromantic magic, it inflicts extra damage on
   living creatures.
   Int:       It affects your intelligence (+3).
   Dex:       It affects your dexterity (-2).
   rF:        It renders you almost immune to fire.
   rPois:     It protects you from poison.
Missiles
 w - 3 curare-tipped darts
Armour
 r - a +0 pair of boots (worn)
 G - a +0 cloak of fire resistance (worn)
Jewellery
 a - a +4 ring of slaying (left hand)
 j - a ring of positive energy
 s - a ring of willpower (right hand)
 z - an amulet of the acrobat (around neck)
 E - a ring of protection from cold
Wands
 g - a wand of polymorph (14)
 h - a wand of flame (33)
 n - a wand of acid (7)
 q - a wand of mindburst (14)
 t - a wand of iceblast (9)
 A - a wand of paralysis (4)
 B - a wand of charming (5)
Scrolls
 b - a scroll of magic mapping
 i - 2 scrolls of identify
 m - 2 scrolls of fog
 u - a scroll of teleportation
 y - 4 scrolls of fear
 C - a scroll of acquirement
 F - a scroll of enchant armour
Potions
 d - 6 potions of curing
 e - a potion of resistance
 k - a potion of flight
 l - 4 potions of heal wounds
 o - 3 potions of might
 p - a potion of attraction
 v - 2 potions of haste
Miscellaneous
 f - a lightning rod (4/4)


   Skills:
 + Level 4.4 Fighting
 + Level 5.6 Dodging
 - Level 1.7 Stealth
 + Level 2.3 Unarmed Combat
 + Level 7.3 Spellcasting
 + Level 6.6 Conjurations
 - Level 4.0 Summonings
 - Level 4.7 Translocations
 - Level 16.0 Air Magic
 - Level 8.0 Invocations
 - Level 4.4 Evocations


You had 7 spell levels left.
You knew the following spells:

 Your Spells              Type           Power      Damage    Failure   Level
a - Shock                 Conj/Air       100%       1d9       1%          1
b - Swiftness             Air            63%        N/A       1%          3
c - Airstrike             Air            31%        N/A       1%          4
d - Apportation           Tloc           52%        N/A       1%          1
e - Summon Lightning Spi  Summ/Air       47%        N/A       1%          4
f - Lightning Bolt        Conj/Air       25%        1d41      2%          5

Your spell library contained the following spells:

 Spells                   Type           Power      Damage    Failure   Level
 Summon Small Mammal      Summ           92%        N/A       1%          1
 Static Discharge         Conj/Air       51%        N/A       1%          2
 Dazzling Flash           Conj/Hex       40%        N/A       7%          3
 Animate Skeleton         Necr           14%        N/A       10%         1
 Silence                  Hex/Air        19%        N/A       10%         5
 Ensorcelled Hibernation  Hex/Ice        14%        N/A       14%         2
 Passwall                 Tmut/Erth      5%         N/A       14%         2
 Dispersal                Tloc           13%        N/A       89%         6
 Agony                    Necr           7%         N/A       95%         5
 Disjunction              Tloc           13%        N/A       100%        8


Dungeon Overview and Level Annotations

Branches:
Dungeon (9/15)             Temple (1/1) D:5            Lair (3/6) D:9
 Spider (0/4) Lair:3      Ossuary (visited)         Volcano (visited)
  Swamp: Lair:2-4    Shoals: Lair:2-4       Orc: D:9-12

Altars:
Ashenzari
Cheibriados
Dithmenos
Elyvilon
Fedhas
Gozag
Hepliaklqana
Kikubaaqudgha
Makhleb
Nemelex Xobeh
Okawaru
Qazlal
Ru
Sif Muna
Trog
Uskayaw
Vehumet
Wu Jian
Xom
Yredelemnul
Zin
The Shining One

Shops:
D:4 *   D:6 [

Annotations:
D:4 3 runed translucent doors, Ekaitz's ghost, amateur DsFE; scisormetimb3rs's ghost, amateur HOFi
D:8 Prince Ribbit
Lair:3 3 runed translucent doors, Heh's ghost, journeyman OpBr


Innate Abilities, Weirdness & Mutations

You can breathe wild blasts of lightning.
Your glossy black scales are hard. (AC +8)
You cannot fit into any form of body armour.
You are resistant to electric shocks. (rElec)
You are cold-blooded and may be slowed by cold attacks.


Message History

The blink frog is heavily wounded.
The blink frog hits you!
* * * LOW HITPOINT WARNING * * *
The blink frog blinks!
The blink frog hits you!
* * * LOW HITPOINT WARNING * * *
Unknown command.
You hit the blink frog.
The blink frog is poisoned.
Your tail-slap misses the blink frog.
The blink frog is heavily wounded.
You kill the blink frog!
Sif Muna accepts your kill. The blink frog hits you.
* * * LOW HITPOINT WARNING * * *
Your lightning spire shoots out a bolt of lightning at the blink frog!
The bolt of electricity misses the blink frog.
The bolt of electricity hits the blink frog!
You hit the blink frog.
The blink frog is poisoned.
The blink frog is lightly wounded.
Your lightning spire disappears in a puff of smoke!
The blink frog misses you. The blink frog barely misses you.
The blink frog hits you but does no damage.
Unknown command.
Casting: Summon Lightning Spire (mildly dangerous; 1% risk of failure)
Confirm with . or Enter, or press ? or * to list all spells.
An electric hum fills the air.
The blink frog closely misses you.
The blink frog blinks!
The blink frog hits you!
* * * LOW HITPOINT WARNING * * *
The blink frog hits you but does no damage.
Unknown command.
You barely miss the blink frog.
The blink frog is almost dead.
The blink frog blinks!
The blink frog hits you but does no damage.
The blink frog hits you!
* * * LOW HITPOINT WARNING * * *
The blink frog hits you!
* * * LOW HITPOINT WARNING * * *
The blink frog blinks!
The blink frog barely misses you. The blink frog hits you!
You die...

#..#.....8....#
#...##........# #
#....#.8...8.#. #.####
#....#.......#.
......####.#.#....8.....
....†....##............
...#.#......######...
#..†8...F#.# ##..
#.@§F...#..# ###.
#..F#.#....#####...
###.#.....F.......#
##...............
#...##.#F........
#.§.###.......... #...#
#P......... ##..#
##......... P..P
#..........


You could see 3 blink frogs and a friendly lightning spire (summoned).

Vanquished Creatures
  Erica (D:8)
  A two-headed ogre (D:9)
  A hell knight (Volcano)
  A salamander mystic (Volcano)
  5 salamanders (Volcano)
  7 cane toads
  5 komodo dragons
  A kobold demonologist (D:9)
  A polar bear (Lair:2)
  13 blink frogs
  A hornet (D:7)
  6 yaks
  A wraith (D:9)
  9 wyverns
  2 basilisks
  7 fire bats (Volcano)
  A steam dragon (D:8)
  3 acid dragons
  5 water moccasins
  2 sky beasts (D:7)
  An ice beast (D:7)
  An orc warrior (D:6)
  2 black bears
  5 centaurs
  5 ogres
  A kobold brigand (D:7)
  9 bullfrogs
  An elf zombie (Ossuary)
  2 gnoll sergeants
  3 water moccasin zombies
  A wyvern skeleton (D:7)
  A water moccasin skeleton (D:6)
  11 killer bees
  A wight (D:8)
  5 lava snakes (Volcano)
  7 centaur zombies
  4 orc priests
  4 jellies
  2 gnoll shamans
  A bullfrog skeleton (D:4)
  A centaur skeleton (D:7)
  4 iguanas
  3 orc wizards
  2 mummies (Ossuary)
  14 gnolls
  5 adders
  2 white imps
  An ufetubus (D:6)
  2 adder zombies (Ossuary)
  2 adder skeletons (D:4)
  2 worms
  2 dart slugs
  10 orcs
  5 ball pythons
  8 endoplasms
  8 hobgoblins
  A quokka (D:4)
  3 bats
  A frilled lizard (D:3)
  3 goblins
  10 hobgoblin zombies (Ossuary)
  3 jackal zombies (Ossuary)
  10 kobolds
  4 kobold zombies (Ossuary)
  13 orc zombies (Ossuary)
  6 rats
  A rat zombie (Ossuary)
266 creatures vanquished.

Vanquished Creatures (collateral kills)
  A catoblepas (Lair:2)
  2 cane toads
  2 blink frogs
  7 yaks
  A water moccasin (Lair:2)
13 creatures vanquished.

Vanquished Creatures (others)
  20 fungi
  71 plants
  5 withered plants (D:4)
96 creatures vanquished.

Grand Total: 375 creatures vanquished

Notes
Turn   | Place    | Note
-------+----------+-------------------------------------------
     0 | D:1      | pkoi the Draconian Air Elementalist began the quest for the
                  | Orb.
     0 | D:1      | Reached XP level 1. HP: 14/14 MP: 3/3
   274 | D:1      | Reached XP level 2. HP: 20/20 MP: 1/5
   957 | D:1      | Found a faded altar of an unknown god.
  1074 | D:2      | Reached skill level 4 in Air Magic
  1211 | D:2      | Reached XP level 3. HP: 26/26 MP: 1/6
  2856 | D:4      | Found a glowing golden altar of the Shining One.
  2856 | D:4      | Found an iron altar of Okawaru.
  2858 | D:4      | Found a shimmering blue altar of Sif Muna.
  2878 | D:4      | Became a worshipper of Sif Muna the Loreminder
  2976 | D:4      | Reached skill level 5 in Air Magic
  2976 | D:4      | Reached XP level 4. HP: 33/33 MP: 7/7
  2980 | D:4      | Learned a level 3 spell: Swiftness
  3132 | D:4      | Found Idymuq's Assorted Antiques.
  3314 | D:4      | Noticed a black bear
  3389 | D:3      | Killed a black bear
  3390 | D:3      | Reached skill level 6 in Air Magic
  3390 | D:3      | Reached XP level 5. HP: 21/38 MP: 3/8
  3533 | D:3      | Learned a level 4 spell: Airstrike
  3748 | D:4      | Reached XP level 6. HP: 23/45 MP: 9/9
  4005 | D:4      | Found a runed translucent gate.
  4006 | D:4      | Found a runed translucent gate.
  4006 | D:4      | Found a runed translucent gate.
  4007 | D:4      | Noticed Ekaitz's ghost (amateur DsFE)
  4008 | D:4      | Noticed scisormetimb3rs's ghost (amateur HOFi)
  4020 | D:5      | Entered Level 5 of the Dungeon
  4066 | D:5      | Reached skill level 7 in Air Magic
  4260 | D:5      | Reached * piety under Sif Muna
  4347 | D:5      | Reached skill level 1 in Invocations
  4706 | D:5      | Your scales start taking on a glossy black colour.
  4706 | D:5      | Reached skill level 9 in Air Magic
  4706 | D:5      | Reached XP level 7. HP: 50/50 MP: 10/10
  4706 | D:5      | Gained mutation: You are resistant to electric shocks.
                  | (rElec) [Black Draconian growth]
  5828 | D:5      | Found a staircase to the Ecumenical Temple.
  5849 | Temple   | Entered the Ecumenical Temple
  6183 | D:6      | Found Zosaoq's Antique Armour Shop.
  6840 | D:6      | Reached XP level 8. HP: 38/57 MP: 1/13
  7176 | D:6      | Reached skill level 10 in Air Magic
  9296 | D:7      | Found a sand-covered staircase.
  9305 | Ossuary  | Entered an ossuary
  9506 | Ossuary  | Reached ** piety under Sif Muna
  9625 | Ossuary  | Reached skill level 5 in Invocations
  9656 | Ossuary  | Reached skill level 1 in Evocations
  9880 | Ossuary  | Reached *** piety under Sif Muna
 10007 | D:7      | Reached skill level 5 in Spellcasting
 10035 | D:7      | Reached XP level 9. HP: 42/62 MP: 16/16
 10471 | D:7      | Reached skill level 11 in Air Magic
 11879 | D:7      | Found a sparkling altar of Nemelex Xobeh.
 12565 | D:8      | Noticed Prince Ribbit
 13352 | D:8      | Noticed Erica
 13356 | D:8      | Killed Erica
 13357 | D:8      | Reached skill level 12 in Air Magic
 13357 | D:8      | Reached XP level 10. HP: 69/69 MP: 2/19
 13873 | D:8      | Reached skill level 13 in Air Magic
 14308 | D:9      | Noticed a two-headed ogre
 14317 | D:9      | Killed a two-headed ogre
 14442 | D:9      | Identified the +3 flail "Draconian's Doom" {pain, rPois
                  | rF+++ Int+3 Dex-2}
 14467 | D:9      | Reached skill level 14 in Air Magic
 15089 | D:9      | Reached **** piety under Sif Muna
 15349 | D:9      | Learned a level 1 spell: Apportation
 15476 | D:9      | Reached skill level 15 in Air Magic
 15559 | D:9      | Reached skill level 1 in Translocations
 15961 | D:9      | Found a staircase to the Lair.
 16109 | D:9      | Learned a level 4 spell: Summon Lightning Spire
 16115 | D:9      | Learned a level 5 spell: Lightning Bolt
 16377 | Lair:1   | Entered Level 1 of the Lair of Beasts
 16490 | Lair:1   | Found a dark tunnel.
 16499 | Volcano  | Entered a volcano
 16677 | Volcano  | Reached XP level 11. HP: 74/74 MP: 9/20
 17274 | Volcano  | Noticed a salamander mystic
 17295 | Volcano  | Killed a salamander mystic
 17558 | Volcano  | Noticed a hell knight
 17619 | Volcano  | Killed a hell knight
 17790 | Volcano  | Found a bloodstained altar of Trog.
 17918 | Volcano  | Found a radiant altar of Vehumet.
 18597 | Lair:1   | Reached skill level 1 in Summonings
 18801 | Lair:1   | Reached skill level 5 in Conjurations
 18904 | Lair:1   | Reached skill level 16 in Air Magic
 19562 | Lair:1   | Reached skill level 1 in Fighting
 19654 | Lair:1   | Reached skill level 1 in Unarmed Combat
 19970 | Lair:1   | Reached XP level 12. HP: 84/84 MP: 13/22
 21119 | Lair:1   | HP: 4/89 [cane toad (17)]
 21120 | Lair:1   | Reached skill level 5 in Dodging
 21622 | D:4      | Bought a golden potion for 28 gold pieces
 21623 | D:4      | Identified a scroll of acquirement
 21866 | Lair:2   | Noticed a catoblepas
 21872 | Lair:2   | Killed a catoblepas
 23264 | Lair:3   | Found a runed translucent gate.
 23266 | Lair:3   | Found a runed translucent gate.
 23268 | Lair:3   | Found a runed translucent gate.
 23268 | Lair:3   | Noticed Heh's ghost (journeyman OpBr)
 23747 | Lair:3   | Found a hole to the Spider Nest.
 23750 | Lair:3   | Noticed a boulder beetle
 24240 | Lair:3   | Slain by a blink frog

Illustrated notes

Levels and vault maps discovered:
D:1:      amcnicky_arrival_choice, layout_rooms,
          dreamdust_ecumenical_altar_grove
D:2:      layout_basic
D:3:      layout_loops_cross
D:4:      layout_loops_cross, chequers_temple_overflow_statue_of_worship,
          gammafunk_ghost_cemetery, serial_shops, shop_statue
D:5:      layout_rooms, lemuel_temple_firewalk_b, chequers_mini_garden
D:6:      layout_cave_pools, serial_co_window_serial, co_window_cross_1,
          co_window_corner_a, co_window_corner_a, co_window_paths_a,
          co_window_paths_a, co_window_2corner, co_window_unsneaky_path_a,
          co_window_broadway_c, co_window_corner_ca, co_window_2corner,
          co_window_unsneaky_path_a, co_window_cross_2, co_window_paths_d,
          co_window_4corner_a, glass_columns_a, glass_columns_a,
          glass_columns_a, glass_columns_a, serial_shops,
          nicolae_shop_overgrown_old_shop, grunt_decor_clamped
D:7:      layout_basic, lemuel_round_altar,
          lightli_ossuary_entry_decrepit_ruins, hex_medium,
          hangedman_minor_gate_pass
D:8:      wander_river, layout_basic, minmay_fractal_squares_5,
          uniq_prince_ribbit1, uniq_erica
D:9:      layout_cross, erik_lair_dragon, hangedman_decor_diamond_cutter,
          minmay_misc_feat_rugged, nicolae_figureground_sparkle
Temple:   dpeg_five_rooms_temple
Lair:1:   layout_roguey, nicolae_volcano_entry_hallway, serial_bayou_lagoon_a,
          minivault_11
Lair:2:   layout_layer_cave, serial_bayou_shore_b, lemuel_fruit_fields
Lair:3:   layout_small_grid, elwin_shoals_entry_rocks,
          spider_nest_entry_web_field, gammafunk_ghost_ooze, grunt_megastairs_4

Skill      XL: |  1  2  3  4  5  6  7  8  9 10 11 12 |
---------------+-------------------------------------+-----
Air Magic      | 4 5 6 9 10 12 15 16 | 16.0
Invocations    | 1 3 5 7 8 |  8.0
Spellcasting   | 3 5 6 7 |  7.3
Conjurations   | 2 3 5 6 |  6.6
Evocations     | 1 4 |  4.4
Translocations | 2 4 |  4.7
Dodging        | 2 4 5 |  5.6
Summonings     | 2 4 |  4.0
Fighting       | 1 4 |  4.4
Unarmed Combat | 1 2 |  2.3
Stealth        | |  1.7

Action                   |  1- 3 |  4- 6 |  7- 9 | 10-12 || total
-------------------------+-------+-------+-------+-------++-------
Melee: Club              |    15 |       |       |       ||    15
       Unarmed           |     7 |       |       |       ||     7
       Tailslap          |     2 |       |    10 |    11 ||    23
       Short sword       |     3 |       |    65 |    40 ||   108
       Spear             |       |       |     2 |     6 ||     8
       Flail             |       |       |       |    14 ||    14
       Punch             |       |       |       |     1 ||     1
 Fire: Hunting sling     |    27 |    99 |   162 |       ||   288
 Cast: Shock             |    53 |    10 |    17 |       ||    80
       Airstrike         |       |       |   101 |   207 ||   308
       Summon Lightning  |       |       |       |    29 ||    29
       Lightning Bolt    |       |       |       |     4 ||     4
       Apportation       |       |       |       |     2 ||     2
Invok: Channel Magic     |       |       |       |     2 ||     2
 Abil: Breathe Lightning |       |       |     5 |     2 ||     7
  Use: Scroll            |     7 |       |    10 |     2 ||    19
       Potion            |       |       |       |     2 ||     2
 Stab: Sleeping          |       |       |     1 |       ||     1
       Distracted        |       |       |       |     4 ||     4
Armor: Skin              |    10 |    26 |    97 |    28 ||   161
Dodge: Dodged            |    16 |    33 |   159 |    84 ||   292
